[Event "ICC tourney 1955 (60 10)"]
[Site "Internet Chess Club"]
[Date "2020.08.09"]
[Round "8"]
[White "canary2016"]
[Black "oregonchessguy"]
[Result "1-0"]
[ICCResult "Black resigns"]
[WhiteElo "2009"]
[BlackElo "1803"]
[Opening "QGD: Albin counter-gambit"]
[ECO "D08"]
[NIC "QG.02"]
[Time "15:20:38"]
[TimeControl "3600+10"]

1. d4 d5 2. c4 e5 3. dxe5 d4 4. Nf3 Nc6 5. a3 a5 6. Nbd2 Nge7 7. Nb3 Nf5 8.
Bg5 Qd7 9. g4 a4 10. gxf5 axb3 11. Bh3 g6 12. Bf6 Rg8 13. Rg1 Bh6 14. Rg3
{Black resigns}
1-0

[Event "ICC tourney 1955 (60 10)"]
[Site "Internet Chess Club"]
[Date "2020.08.09"]
[Round "8"]
[White "smokyqueen"]
[Black "Zach-Ry"]
[Result "1-0"]
[ICCResult "Black resigns"]
[WhiteElo "1971"]
[BlackElo "1741"]
[Opening "Giuoco Piano"]
[ECO "C54"]
[NIC "IG.02"]
[Time "15:20:53"]
[TimeControl "3600+10"]

1. e4 e5 2. Nf3 Nc6 3. Bc4 Bc5 4. c3 Nf6 5. O-O O-O 6. d4 exd4 7. e5 Ne4 8.
cxd4 Bb6 9. d5 Ne7 10. Qc2 Nxf2 11. Rxf2 Bxf2+ 12. Qxf2 Ng6 13. d6 cxd6 14.
exd6 Qf6 15. Be3 a6 16. Nc3 Re8 17. Rf1 Ne5 18. Nxe5 Qxf2+ 19. Rxf2 Rxe5 20.
Rxf7 Rxe3 21. Re7+ Re6 22. Bxe6+ dxe6 23. Re8+ Kf7 24. d7 {Black resigns}
1-0

[Event "ICC tourney 1955 (60 10)"]
[Site "Internet Chess Club"]
[Date "2020.08.09"]
[Round "8"]
[White "Zuiopal"]
[Black "whyyoutrysohard"]
[Result "1-0"]
[ICCResult "Black resigns"]
[WhiteElo "1753"]
[BlackElo "1604"]
[Opening "King's Indian: orthodox, Aronin-Taimanov, bayonet attack"]
[ECO "E97"]
[NIC "KI.05"]
[Time "15:19:52"]
[TimeControl "3600+10"]

1. d4 Nf6 2. c4 g6 3. Nc3 Bg7 4. e4 d6 5. Nf3 O-O 6. Be2 e5 7. O-O Nc6 8. d5
Ne7 9. b4 Nh5 10. Re1 f5 11. Nd2 Nf6 12. f3 f4 13. c5 g5 14. Nc4 a6 15. a4
Ng6 16. Ba3 Rf7 17. b5 Bf8 18. cxd6 cxd6 19. bxa6 bxa6 20. a5 Rg7 21. Na4 h5
22. Nab6 Rb8 23. Rc1 Nh8 24. Nxd6 {Black resigns} 1-0

[Event "ICC tourney 1955 (60 10)"]
[Site "Internet Chess Club"]
[Date "2020.08.09"]
[Round "8"]
[White "JadenShaw"]
[Black "RisingRook"]
[Result "0-1"]
[ICCResult "White resigns"]
[WhiteElo "1780"]
[BlackElo "1993"]
[Opening "Sicilian defense"]
[ECO "B44"]
[NIC "SI.39"]
[Time "15:20:53"]
[TimeControl "3600+10"]

1. e4 c5 2. Nf3 e6 3. d4 cxd4 4. Nxd4 Nc6 5. a3 a6 6. Nc3 Nf6 7. f4 Bc5 8.
Nxc6 bxc6 9. Bd3 h5 10. Qe2 Ng4 11. g3 Bf2+ 12. Kf1 Ba7 13. h3 Nf2 14. Rh2
Nxd3 15. cxd3 Qb6 16. Rh1 a5 17. Kg2 Ba6 18. Rd1 h4 19. g4 O-O 20. Qc2 Qd4
21. b3 d5 22. Bb2 Qe3 {White resigns} 0-1

[Event "ICC tourney 1955 (60 10)"]
[Site "Internet Chess Club"]
[Date "2020.08.09"]
[Round "8"]
[White "ningaling291"]
[Black "kkhanna"]
[Result "0-1"]
[ICCResult "White resigns"]
[WhiteElo "1670"]
[BlackElo "1383"]
[Opening "Robatsch (modern) defense"]
[ECO "B07"]
[NIC "VO.17"]
[Time "15:19:43"]
[TimeControl "3600+10"]

1. e4 d6 2. d4 g6 3. Nc3 Bg7 4. Be3 Nf6 5. Bc4 O-O 6. Qd2 Nxe4 7. Nxe4 d5 8.
Bd3 dxe4 9. Bxe4 c6 10. O-O-O e5 11. h4 exd4 12. Bh6 Qf6 13. Bg5 Qe6 14. Qd3
Qxa2 15. Kd2 Qxb2 16. Ke2 Qc3 17. Qxc3 dxc3 18. Kf1 Be6 19. f3 Na6 20. Kf2
Nc5 21. Bxg6 hxg6 22. h5 Bf5 23. h6 Be5 24. f4 Ne4+ 25. Ke1 Nxg5 26. fxe5
Rfe8 {White resigns} 0-1

[Event "ICC tourney 1955 (60 10)"]
[Site "Internet Chess Club"]
[Date "2020.08.09"]
[Round "8"]
[White "minitotoro"]
[Black "PearsonH"]
[Result "0-1"]
[ICCResult "White resigns"]
[WhiteElo "1584"]
[BlackElo "1778"]
[Opening "Queen's pawn"]
[ECO "E06"]
[NIC "CA.05"]
[Time "15:20:21"]
[TimeControl "3600+10"]

1. d4 e6 2. Nf3 d5 3. g3 Nf6 4. Bg2 Be7 5. O-O O-O 6. c4 dxc4 7. Ne5 c5 8.
dxc5 Bxc5 9. Nxc4 Nc6 10. Nc3 Qe7 11. e4 Rd8 12. Qf3 Nd7 13. Qh5 f6 14. Be3
Bxe3 15. Nxe3 Nde5 16. Qe2 Nd4 17. Qh5 Bd7 18. Rad1 Be8 19. Qh3 Ndf3+ 20.
Bxf3 Nxf3+ 21. Kg2 Ng5 22. Qg4 Bc6 23. h4 Nxe4 24. Nxe4 f5 25. Qf4 Bxe4+ 26.
Kh2 h6 27. f3 e5 {White resigns} 0-1

[Event "ICC tourney 1955 (60 10)"]
[Site "Internet Chess Club"]
[Date "2020.08.09"]
[Round "8"]
[White "DLWarrior"]
[Black "Lonestarpawn"]
[Result "0-1"]
[ICCResult "White resigns"]
[WhiteElo "1866"]
[BlackElo "2013"]
[Opening "Queen's pawn, Mason variation, Steinitz counter-gambit"]
[ECO "D00"]
[NIC "QP.08"]
[Time "15:20:22"]
[TimeControl "3600+10"]

1. d4 d5 2. Bf4 c5 3. e3 Nc6 4. Nf3 Nf6 5. Nbd2 Bf5 6. c3 Qb6 7. Qb3 c4 8.
Qxb6 axb6 9. Be2 b5 10. Ne5 Nxe5 11. Bxe5 Nd7 12. Bg3 e6 13. b3 b4 14. cxb4
c3 15. Nf3 Bxb4 16. O-O h6 17. Bb5 Ke7 18. Ne1 Ba3 19. Bd3 Bb2 20. Rb1 Rxa2
21. Bxf5 exf5 22. Nd3 Rc8 23. Nb4 Ra3 24. Nxd5+ Kd8 25. Bc7+ Rxc7 26. Nxc7
Kxc7 27. Rfe1 Rxb3 28. Re2 Nb6 29. h3 Nc4 30. Kf1 Na3 31. Rbe1 c2 32. d5
c1=Q 33. Rxc1+ Bxc1 34. Ke1 Rb1 35. Ra2 b5 36. Ke2 Rb2+ 37. Rxb2 Bxb2 38.
Kd1 b4 {White resigns} 0-1

[Event "ICC tourney 1955 (60 10)"]
[Site "Internet Chess Club"]
[Date "2020.08.09"]
[Round "8"]
[White "cdj12417489"]
[Black "Boldmann"]
[Result "0-1"]
[ICCResult "White resigns"]
[WhiteElo "1300"]
[BlackElo "1852"]
[Opening "French: Tarrasch"]
[ECO "C03"]
[NIC "FR.14"]
[Time "15:20:23"]
[TimeControl "3600+10"]

1. e4 e6 2. d4 d5 3. Nd2 a6 4. a4 c5 5. dxc5 Bxc5 6. Ngf3 dxe4 7. Nxe4 Qxd1+
8. Kxd1 Be7 9. Bd3 Nf6 10. Nxf6+ Bxf6 11. Ke2 Nc6 12. c3 Bd7 13. Re1 O-O 14.
Kf1 Na5 15. Bc2 Bc6 16. Ne5 Rfd8 17. Nxc6 Nxc6 18. Be3 Rac8 19. Bd4 Nxd4 20.
Be4 Nc6 21. Bxc6 Rxc6 22. Red1 Rcd6 23. Rxd6 Rxd6 24. Ke2 Kf8 25. Rd1 Rxd1
26. Kxd1 Ke7 27. b3 Bxc3 28. Kc2 Be1 29. f3 Kd6 30. Kd3 Kc5 31. h3 Kb4 32.
Kc2 Bg3 33. h4 Bxh4 34. g4 f5 35. gxf5 exf5 36. Kb2 g5 {White resigns} 0-1

[Event "ICC tourney 1955 (60 10)"]
[Site "Internet Chess Club"]
[Date "2020.08.09"]
[Round "8"]
[White "Javierof"]
[Black "AHSRULES"]
[Result "0-1"]
[ICCResult "White resigns"]
[WhiteElo "2093"]
[BlackElo "1857"]
[Opening "King's Indian: accelerated Averbakh system"]
[ECO "E70"]
[NIC "KI.31"]
[Time "15:20:51"]
[TimeControl "3600+10"]

1. d4 Nf6 2. c4 g6 3. Nc3 Bg7 4. e4 d6 5. Bg5 O-O 6. Qd2 Nc6 7. d5 Ne5 8. f4
Ned7 9. Bd3 Nc5 10. Bc2 h6 11. Bh4 e5 12. dxe6 Bxe6 13. e5 dxe5 14. Qxd8
Rfxd8 15. fxe5 Ng4 16. Bxd8 Rxd8 17. Nf3 Ne3 18. Rc1 Nxc2+ 19. Rxc2 Nd3+ 20.
Ke2 Bxc4 21. Ke3 Nxe5 22. Rd2 Nd3 23. Nh4 Bd4+ 24. Kf3 Bxc3 25. bxc3 Ne5+
26. Ke3 Ng4+ 27. Kf4 Rxd2 28. Kxg4 Rxa2 {White resigns} 0-1

[Event "ICC tourney 1955 (60 10)"]
[Site "Internet Chess Club"]
[Date "2020.08.09"]
[Round "8"]
[White "ickyquarter"]
[Black "tanker2"]
[Result "1-0"]
[ICCResult "Black resigns"]
[WhiteElo "2130"]
[BlackElo "1854"]
[Opening "French: Schlechter variation"]
[ECO "C01"]
[NIC "FR.01"]
[Time "15:20:04"]
[TimeControl "3600+10"]

1. e4 e6 2. d4 d5 3. Bd3 Nf6 4. e5 Nfd7 5. c3 c5 6. Ne2 Nc6 7. a3 Qb6 8. b4
cxd4 9. cxd4 a5 10. Qa4 Ra7 11. b5 Ne7 12. O-O g6 13. Nbc3 h5 14. Qc2 Ra8
15. Bd2 Nf5 16. Bxf5 gxf5 17. f4 Be7 18. Be3 Qd8 19. Na4 h4 20. Qc3 h3 21.
g3 Nb6 22. Nxb6 Qxb6 23. a4 Bd7 24. Rac1 Rc8 25. Qb3 O-O 26. Kf2 Rxc1 27.
Rxc1 Rc8 28. Rxc8+ Bxc8 29. Qc2 Bd7 30. Ng1 f6 31. Nxh3 fxe5 32. fxe5 Be8
33. Nf4 Bf7 34. Qc8+ Kg7 35. Qd7 Bd8 36. Nxe6+ Qxe6 37. Qxd8 Bh5 38. Qg5+
Qg6 39. Qxg6+ Kxg6 40. Ke1 Bf3 41. Bd2 b6 42. Bxa5 Kf7 43. Bxb6 Ke6 44. a5
Bh5 45. Bc5 Be8 46. b6 Kd7 47. Kf2 Kc6 48. Ke3 Bd7 49. h4 Be8 50. Kf4 Bg6
51. a6 {Black resigns} 1-0

[Event "ICC tourney 1955 (60 10)"]
[Site "Internet Chess Club"]
[Date "2020.08.09"]
[Round "8"]
[White "Baseballchamp"]
[Black "RockroyalChess"]
[Result "1-0"]
[ICCResult "Black resigns"]
[WhiteElo "2069"]
[BlackElo "1720"]
[Opening "Ruy Lopez: Anderssen variation"]
[ECO "C77"]
[NIC "RL.12"]
[Time "15:20:58"]
[TimeControl "3600+10"]

1. e4 e5 2. Nf3 Nc6 3. Bb5 a6 4. Ba4 Nf6 5. d3 b5 6. Bb3 d6 7. c3 Be7 8.
Nbd2 O-O 9. Nf1 Re8 10. Ng3 g6 11. O-O Bf8 12. Bg5 Bg7 13. Qd2 Na5 14. Bc2
c5 15. a4 Bb7 16. Bh6 Qc7 17. Bxg7 Kxg7 18. Nf5+ Kh8 19. Qh6 Rg8 20. Ng5
Raf8 21. axb5 axb5 22. f4 Nc6 23. Rf3 Bc8 24. Nxh7 Nxh7 25. Qxh7+
{Black resigns}
1-0

[Event "ICC tourney 1955 (60 10)"]
[Site "Internet Chess Club"]
[Date "2020.08.09"]
[Round "8"]
[White "sirking2800"]
[Black "agpil"]
[Result "1-0"]
[ICCResult "Black checkmated"]
[WhiteElo "2009"]
[BlackElo "1825"]
[Opening "Sicilian: Pelikan, Chelyabinsk variation"]
[ECO "B33"]
[NIC "SI.37"]
[Time "15:20:55"]
[TimeControl "3600+10"]

1. e4 c5 2. Nf3 Nc6 3. d4 cxd4 4. Nxd4 Nf6 5. Nc3 e5 6. Ndb5 d6 7. Bg5 a6 8.
Na3 b5 9. Nd5 Be7 10. Nxe7 Qxe7 11. c4 b4 12. Nc2 h6 13. Bxf6 Qxf6 14. Qd5
Bb7 15. Ne3 g6 16. Rd1 Rd8 17. Be2 Qe7 18. Qd2 Nd4 19. Nd5 Bxd5 20. cxd5 a5
21. O-O Nxe2+ 22. Qxe2 O-O 23. Rc1 Rc8 24. Qa6 Ra8 25. Qb6 Rfb8 26. Qc7 Qxc7
27. Rxc7 Rc8 28. Rfc1 Rxc7 29. Rxc7 Kf8 30. Kf1 Ke8 31. Ke1 Rb8 32. Kd2 h5
33. Kd3 f5 34. Rg7 fxe4+ 35. Kxe4 Rc8 36. Rg8+ Kd7 37. Rg7+ Ke8 38. Rg8+ Kd7
39. Rxc8 Kxc8 40. f4 exf4 41. Kxf4 Kc7 42. Kg5 Kb6 43. Kxg6 h4 44. g4 hxg3
45. hxg3 Kc5 46. g4 Kxd5 47. Kf5 Kc4 48. g5 d5 49. g6 d4 50. g7 d3 51. g8=Q+
Kd4 52. Qg1+ Kc4 53. Qc1+ Kd4 54. b3 Kd5 55. Qc4+ Kd6 56. Qxd3+ Kc5 57. Qc4+
Kb6 58. Ke6 Ka7 59. Kd7 Kb6 60. Kd6 Kb7 61. Qc7+ Ka8 62. Kc6 a4 63. Qb7#
{Black checkmated}
1-0

[Event "ICC tourney 1955 (60 10)"]
[Site "Internet Chess Club"]
[Date "2020.08.09"]
[Round "8"]
[White "Jonjons"]
[Black "hursha6b5"]
[Result "0-1"]
[ICCResult "White checkmated"]
[WhiteElo "1715"]
[BlackElo "1930"]
[Opening "QGD: 4.Nf3"]
[ECO "D37"]
[NIC "QO.16"]
[Time "15:19:57"]
[TimeControl "3600+10"]

1. d4 d5 2. c4 e6 3. Nc3 Nf6 4. Nf3 b6 5. e3 Bb7 6. Qc2 Nbd7 7. Bd3 dxc4 8.
Bxc4 Bd6 9. Nb5 Be7 10. Bxe6 fxe6 11. Nxc7+ Kf7 12. Ng5+ Kg8 13. Ngxe6 Bb4+
14. Kf1 Qe7 15. Qb3 h6 16. Ng5+ Kf8 17. Nge6+ Kg8 18. Nc5+ Kh7 19. Nxb7 Raf8
20. a3 Ne4 21. f3 Qh4 22. Qc2 Qe1# {White checkmated} 0-1

[Event "ICC tourney 1955 (60 10)"]
[Site "Internet Chess Club"]
[Date "2020.08.09"]
[Round "8"]
[White "mopaska1106"]
[Black "Sricharan07"]
[Result "1-0"]
[ICCResult "Black resigns"]
[WhiteElo "2039"]
[BlackElo "1879"]
[Opening "Benoni: fianchetto, 11...Re8"]
[ECO "A63"]
[NIC "BI.22"]
[Time "15:20:07"]
[TimeControl "3600+10"]

1. d4 Nf6 2. c4 g6 3. Nc3 Bg7 4. Nf3 d6 5. g3 O-O 6. Bg2 c5 7. d5 a6 8. O-O
e6 9. a4 exd5 10. cxd5 Re8 11. Nd2 Nbd7 12. Nc4 Ne5 13. Nxe5 Rxe5 14. Bf4
Re8 15. Qd2 Rb8 16. f3 b5 17. axb5 axb5 18. e4 Qb6 19. Nd1 Nd7 20. Kh1 Ne5
21. Bh6 b4 22. Bxg7 Kxg7 23. Nf2 Ba6 24. Rfd1 Bb5 25. b3 Ra8 26. f4 Nd7 27.
Qb2+ Kg8 28. Ng4 Rxa1 29. Rxa1 h5 30. Nh6+ Kh7 31. Nxf7 c4 32. bxc4 Bxc4 33.
Ng5+ Kg8 34. Ne6 Rxe6 35. dxe6 Bxe6 36. Ra8+ Kf7 37. Qh8 Ke7 38. Re8+ Kf7
39. Qg8+ {Black resigns} 1-0

[Event "ICC tourney 1955 (60 10)"]
[Site "Internet Chess Club"]
[Date "2020.08.09"]
[Round "8"]
[White "jimjimmo"]
[Black "ShaunTracey"]
[Result "1/2-1/2"]
[ICCResult "Game drawn by mutual agreement"]
[WhiteElo "1955"]
[BlackElo "1852"]
[Opening "Dutch defense"]
[ECO "A40"]
[NIC "QO.17"]
[Time "15:20:27"]
[TimeControl "3600+10"]

1. d4 e6 2. c4 f5 3. Nf3 Nf6 4. Nc3 d5 5. Bg5 Be7 6. e3 O-O 7. Qb3 c6 8. Be2
Nbd7 9. O-O b6 10. cxd5 exd5 11. Rac1 Bb7 12. a4 Kh8 13. Rfd1 Ne4 14. Bxe7
Qxe7 15. a5 Nxc3 16. Rxc3 c5 17. axb6 c4 18. Qa3 Qxa3 19. Rxa3 axb6 20. Rda1
Rxa3 21. Rxa3 Ra8 22. Rxa8+ Bxa8 23. Kf1 Bc6 24. Ke1 Kg8 25. Kd2 Nf6 26. Ne5
Ne4+ 27. Kc1 Be8 28. f3 Nd6 29. Kd2 Kf8 30. Kc3 Ke7 31. Kb4 Kd8 32. b3 cxb3
33. Kxb3 Kc7 34. f4 Ne4 35. Bf3 Nf6 {Game drawn by mutual agreement} 1/2-1/2

[Event "ICC tourney 1955 (60 10)"]
[Site "Internet Chess Club"]
[Date "2020.08.09"]
[Round "8"]
[White "AlexEmmons"]
[Black "clydedrexler22"]
[Result "1/2-1/2"]
[ICCResult "Game drawn by repetition"]
[WhiteElo "2034"]
[BlackElo "1872"]
[Opening "Queen's pawn, Mason variation"]
[ECO "D00"]
[NIC "QP.08"]
[Time "15:20:28"]
[TimeControl "3600+10"]

1. d4 d5 2. Bf4 Nf6 3. e3 c5 4. c3 Nc6 5. Nd2 Qb6 6. Qb3 c4 7. Qc2 Bg4 8. b3
cxb3 9. axb3 e6 10. Ngf3 Rc8 11. Qb2 Bf5 12. h3 h6 13. Be2 Be7 14. O-O O-O
15. b4 Ne4 16. Nxe4 Bxe4 17. Nd2 Bg6 18. Nb3 Nxb4 19. Nc5 Nc2 20. Qxb6 axb6
21. Nd7 Nxa1 22. Nxf8 Kxf8 23. Rxa1 Rxc3 24. Ra8+ Bd8 25. Rxd8+ Ke7 26. Rb8
Rc1+ 27. Kh2 Rc2 28. Rxb7+ Kd8 29. Rb8+ Ke7 30. Bb5 Rxf2 31. Rxb6 Be4 32. h4
Rxg2+ 33. Kh3 g5 34. hxg5 hxg5 35. Rb7+ Kf6 36. Be5+ Kg6 37. Be8 Rf2 38. Kg3
Rg2+ 39. Kh3 Rf2 40. Kg3 Rg2+ 41. Kh3 {Game drawn by repetition} 1/2-1/2

[Event "ICC tourney 1955 (60 10)"]
[Site "Internet Chess Club"]
[Date "2020.08.09"]
[Round "8"]
[White "kabirahmed"]
[Black "OneEverest"]
[Result "1/2-1/2"]
[ICCResult "Game drawn by mutual agreement"]
[WhiteElo "1929"]
[BlackElo "2026"]
[Opening "QGD semi-Slav: Chigorin defense"]
[ECO "D45"]
[NIC "SL.08"]
[Time "15:20:38"]
[TimeControl "3600+10"]

1. d4 d5 2. c4 c6 3. e3 Nf6 4. Nc3 e6 5. Nf3 Bd6 6. Bd3 Nbd7 7. Qb3 O-O 8.
O-O dxc4 9. Bxc4 e5 10. Rd1 Qe7 11. e4 exd4 12. Nxd4 Nc5 13. Qc2 Re8 14. f3
Qc7 15. g3 a6 16. Be3 b5 17. Bb3 Nxb3 18. Nxb3 c5 19. Qd2 Bf8 20. Nd5 Nxd5
21. exd5 Bd6 22. Rac1 c4 23. Nd4 Bxg3 24. hxg3 Qxg3+ 25. Kh1 Qh3+ 26. Kg1
Qg3+ 27. Kh1 {Game drawn by mutual agreement} 1/2-1/2

[Event "ICC tourney 1955 (60 10)"]
[Site "Internet Chess Club"]
[Date "2020.08.09"]
[Round "8"]
[White "OctopusYule"]
[Black "BadWolf"]
[Result "1/2-1/2"]
[ICCResult "Game drawn by repetition"]
[WhiteElo "1837"]
[BlackElo "1995"]
[Opening "French: Tarrasch, closed variation, main line"]
[ECO "C06"]
[NIC "FR.17"]
[Time "15:20:38"]
[TimeControl "3600+10"]

1. e4 e6 2. d4 d5 3. Nd2 Nf6 4. e5 Nfd7 5. Bd3 c5 6. c3 Nc6 7. Ne2 cxd4 8.
cxd4 f6 9. exf6 Nxf6 10. Nf3 Bd6 11. O-O O-O 12. Nf4 Ne4 13. Nh3 Qc7 14. Qc2
Rxf3 15. gxf3 Nxd4 16. Qxc7 Nxf3+ 17. Kg2 Nh4+ 18. Kg1 Nf3+ 19. Kg2 Nh4+ 20.
Kg1 Nf3+ {Game drawn by repetition} 1/2-1/2

[Event "ICC tourney 1955 (60 10)"]
[Site "Internet Chess Club"]
[Date "2020.08.09"]
[Round "8"]
[White "playerlucky"]
[Black "xyzchessdude"]
[Result "0-1"]
[ICCResult "White resigns"]
[WhiteElo "1906"]
[BlackElo "2061"]
[Opening "Old Benoni defense"]
[ECO "A43"]
[NIC "OI.09"]
[Time "15:19:59"]
[TimeControl "3600+10"]

1. d4 c5 2. Nf3 cxd4 3. Nxd4 d5 4. e3 Nf6 5. c4 e5 6. Nb3 Nc6 7. Nc3 d4 8.
exd4 exd4 9. Qe2+ Be6 10. Ne4 Bb4+ 11. Bd2 O-O 12. O-O-O Re8 13. Bxb4 Nxb4
14. Rxd4 Qe7 15. f3 Nxa2+ 16. Kb1 Nb4 17. g4 a5 18. Nbc5 Nxe4 19. Nxe6 Qxe6
20. Rxe4 Qd7 21. c5 Red8 22. Bg2 Qa4 23. Qc4 Rd1+ 24. Rxd1 Qxd1+ 25. Qc1 Qa4
26. Qc4 Rd8 27. Re1 Rd1+ 28. Rxd1 Qxd1+ 29. Qc1 Qd3+ 30. Ka1 Qb3 {White
resigns} 0-1

[Event "ICC tourney 1955 (60 10)"]
[Site "Internet Chess Club"]
[Date "2020.08.09"]
[Round "8"]
[White "investigator"]
[Black "Joelpaulg"]
[Result "0-1"]
[ICCResult "White resigns"]
[WhiteElo "2058"]
[BlackElo "2013"]
[Opening "English opening"]
[ECO "A16"]
[NIC "EO.64"]
[Time "15:20:23"]
[TimeControl "3600+10"]

1. c4 Nf6 2. Nc3 g6 3. g3 Bg7 4. Bg2 O-O 5. e4 d6 6. Nge2 e5 7. O-O Nc6 8.
d3 Nh5 9. Be3 f5 10. Qd2 Nf6 11. f3 Be6 12. Nd5 Kh8 13. Rac1 a5 14. b3 Nd7
15. exf5 Bxf5 16. d4 a4 17. b4 Nf6 18. Nxf6 Qxf6 19. d5 Nd4 20. Rcd1 Rae8
21. Nxd4 exd4 22. Bxd4 Qxd4+ 23. Qxd4 Bxd4+ 24. Rxd4 Re2 25. g4 Bd7 26. Rf2
Rfe8 27. Re4 R8xe4 28. fxe4 Bxg4 29. Kf1 Rxf2+ 30. Kxf2 Kg7 31. Ke3 a3 32.
Bf3 Bxf3 33. Kxf3 Kf6 34. Kf4 g5+ 35. Kg4 Ke5 36. Kxg5 Kxe4 37. Kh6 Kd3 38.
Kxh7 Kc2 39. Kg8 Kb2 40. h4 Kxa2 41. h5 Kb3 {White resigns} 0-1

[Event "ICC tourney 1955 (60 10)"]
[Site "Internet Chess Club"]
[Date "2020.08.09"]
[Round "8"]
[White "tongchen"]
[Black "Coolbull"]
[Result "1-0"]
[ICCResult "Black resigns"]
[WhiteElo "1981"]
[BlackElo "1813"]
[Opening "Ruy Lopez: closed, Chigorin defense"]
[ECO "C97"]
[NIC "RL.23"]
[Time "15:20:11"]
[TimeControl "3600+10"]

1. e4 e5 2. Nf3 Nc6 3. Bb5 a6 4. Ba4 Nf6 5. O-O Be7 6. Re1 b5 7. Bb3 O-O 8.
c3 d6 9. h3 Na5 10. Bc2 c5 11. d4 Qc7 12. d5 c4 13. b3 cxb3 14. axb3 Nb7 15.
Bb2 Bd7 16. Qd2 a5 17. Ba3 Rfb8 18. Nxe5 Be8 19. Nf3 Nc5 20. Bxc5 Qxc5 21.
Nd4 b4 22. c4 Rc8 23. Nf5 Bf8 24. Qd4 Qc7 25. Nd2 Nd7 26. Re3 g6 27. f4 Nb6
28. Ng3 a4 29. e5 dxe5 30. fxe5 Bc5 31. Qe4 Bxe3+ 32. Qxe3 Qc5 33. Qxc5 Rxc5
34. Nge4 Rcc8 35. Nf6+ Kg7 36. Rf1 axb3 37. Bxb3 Ba4 38. Bxa4 Rxa4 39. d6
Rd8 40. c5 Na8 41. c6 Rc8 42. c7 Nb6 43. Rc1 Ra7 44. Nc4 Raxc7 45. dxc7 Rxc7
46. Ne8+ {Black resigns} 1-0

[Event "ICC tourney 1955 (60 10)"]
[Site "Internet Chess Club"]
[Date "2020.08.09"]
[Round "8"]
[White "Kokoro"]
[Black "saanvichess"]
[Result "0-1"]
[ICCResult "White resigns"]
[WhiteElo "2118"]
[BlackElo "1669"]
[Opening "French: Tarrasch, Eliskases variation"]
[ECO "C07"]
[NIC "FR.19"]
[Time "15:20:58"]
[TimeControl "3600+10"]

1. e4 e6 2. d4 d5 3. Nd2 c5 4. exd5 Qxd5 5. Ngf3 cxd4 6. Bc4 Qd8 7. O-O Nc6
8. Nb3 a6 9. Nbxd4 Nxd4 10. Nxd4 Qc7 11. Bd3 Nf6 12. Re1 Bd6 13. h3 O-O 14.
Qf3 e5 15. Nf5 Bxf5 16. Qxf5 e4 17. Bxe4 Rae8 18. Bd2 Nxe4 19. Rxe4 Qxc2 20.
Qd5 Rxe4 21. Qxd6 Qxb2 22. Re1 Rd4 23. Bc1 Rxd6 24. Bxb2 Rd2 {White resigns}
0-1

[Event "ICC tourney 1955 (60 10)"]
[Site "Internet Chess Club"]
[Date "2020.08.09"]
[Round "8"]
[White "kwen2008"]
[Black "Aarush37"]
[Result "1-0"]
[ICCResult "Black resigns"]
[WhiteElo "1698"]
[BlackElo "1795"]
[Opening "QGD: exchange, positional line, 6.Qc2"]
[ECO "D36"]
[NIC "QO.16"]
[Time "15:20:23"]
[TimeControl "3600+10"]

1. d4 d5 2. c4 e6 3. Nc3 Nf6 4. cxd5 exd5 5. Bg5 c6 6. Qc2 Be7 7. e3 Bg4 8.
Bd3 Nbd7 9. Nge2 O-O 10. O-O Bh5 11. Nf4 Bg6 12. Nxg6 hxg6 13. Rab1 a5 14.
a3 Ng4 15. Bxe7 Qxe7 16. h3 Nh6 17. b4 f5 18. Ne2 g5 19. Rfe1 Qf6 20. Ng3 g6
21. bxa5 f4 22. Nf1 f3 23. gxf3 Qxf3 24. Ng3 g4 25. Bf1 Qf7 26. Rxb7 Rac8
27. Re2 Rb8 28. Rxb8 Nxb8 29. Re1 Nf5 30. Nxf5 gxf5 31. hxg4 fxg4 32. Bd3
Kg7 33. Qe2 Qh5 34. Qf1 Rf3 35. Be2 Rh3 36. Qg2 Rh4 37. Rb1 Qe8 38. Qg3 Rh8
39. Qxg4+ Kf8 40. Qf5+ Ke7 41. Qe5+ Kf7 42. Bh5+ Rxh5 43. Qxh5+ {Black
resigns} 1-0

[Event "ICC tourney 1955 (60 10)"]
[Site "Internet Chess Club"]
[Date "2020.08.09"]
[Round "8"]
[White "FL2009"]
[Black "Atharva10"]
[Result "0-1"]
[ICCResult "White resigns"]
[WhiteElo "1790"]
[BlackElo "2054"]
[Opening "Giuoco Piano: Anderssen variation"]
[ECO "C54"]
[NIC "IG.02"]
[Time "15:20:32"]
[TimeControl "3600+10"]

1. e4 e5 2. Nf3 Nc6 3. Bc4 Bc5 4. c3 Nf6 5. d4 exd4 6. e5 d5 7. Bb5 Ne4 8.
cxd4 Bb4+ 9. Bd2 Nxd2 10. Bxc6+ bxc6 11. Nbxd2 c5 12. a3 Bxd2+ 13. Qxd2 c4
14. O-O O-O 15. Rfe1 Rb8 16. Re3 Rb6 17. b3 cxb3 18. Rb1 Bf5 19. Rbxb3 Qb8
20. Qb2 Qb7 21. h3 Rb8 22. Nd2 h6 23. Rg3 Qa6 24. Qc1 c6 25. Rxb6 Rxb6 26.
Kh2 Qe2 27. Nf3 Qxf2 28. Qf4 Be6 29. Qh4 Rb2 30. Ne1 Bf5 31. Nf3 Be4 32. Qg4
g6 33. Qc8+ Kg7 34. Qd8 Bxf3 35. Qf6+ Kg8 36. Qd8+ Kh7 37. Rxg6 Qxg2+ 38.
Rxg2 Rxg2+ {White resigns} 0-1

[Event "ICC tourney 1955 (60 10)"]
[Site "Internet Chess Club"]
[Date "2020.08.09"]
[Round "8"]
[White "goodcrowdchess"]
[Black "natez"]
[Result "0-1"]
[ICCResult "White resigns"]
[WhiteElo "1600"]
[BlackElo "1872"]
[Opening "Caro-Kann: advance variation"]
[ECO "B12"]
[NIC "CK.04"]
[Time "15:19:47"]
[TimeControl "3600+10"]

1. e4 c6 2. d4 d5 3. e5 Bf5 4. Nf3 e6 5. Be2 c5 6. c3 Nc6 7. Be3 Qb6 8. b3
Bg6 9. Nh4 cxd4 10. Nxg6 hxg6 11. cxd4 Bb4+ 12. Nd2 Bc3 13. Rc1 Bxd4 14.
Bxd4 Qxd4 15. Nf3 Qxd1+ 16. Kxd1 Nge7 17. Bb5 a6 18. Bd3 Kd7 19. Kd2 Rac8
20. h3 Rc7 21. Rhe1 Rhc8 22. Ng5 Ke8 23. f4 Nb4 24. Rxc7 Rxc7 25. Bb1 Nf5
26. a3 Nc6 27. Bxf5 gxf5 28. g4 Nd4 29. gxf5 Nxf5 30. Nf3 g6 31. Kd3 Ng3 32.
Rg1 Nh5 33. Rg4 Rc1 34. Kd2 Rf1 35. Ke2 Ra1 36. a4 Ra3 37. Nd2 Ra1 38. Kf2
Kd7 39. Kf3 Kc6 40. Kf2 Rh1 41. Rh4 Ra1 42. Rg4 Ra2 43. Ke2 Kc5 44. Kd3 b5
45. axb5 axb5 46. Kc3 b4+ 47. Kd3 Ng7 48. Rg2 Nf5 49. Rf2 Nd4 50. Rf1 Rc2
51. Ke3 Rc3+ 52. Kf2 Nxb3 53. Nxb3+ Rxb3 54. Rc1+ Rc3 55. Ra1 Rxh3 56. Ke2
Rh2+ 57. Kd3 Rh3+ 58. Kc2 Rf3 59. Ra5+ Kc4 60. Ra7 Rxf4 61. Rc7+ Kd4 62. Kb3
Kxe5 63. Rc2 g5 64. Rg2 f6 65. Kc2 Kf5 66. Kd2 e5 67. Rg3 g4 68. Kd3 Rf3+
69. Rxf3+ gxf3 70. Ke3 e4 {White resigns} 0-1

[Event "ICC tourney 1955 (60 10)"]
[Site "Internet Chess Club"]
[Date "2020.08.09"]
[Round "8"]
[White "MikeWMason"]
[Black "kapilank"]
[Result "1/2-1/2"]
[ICCResult "Game drawn by mutual agreement"]
[WhiteElo "1805"]
[BlackElo "1899"]
[Opening "King's Indian: Four pawns attack, with Be2 and Nf3"]
[ECO "E78"]
[NIC "KI.59"]
[Time "15:20:41"]
[TimeControl "3600+10"]

1. d4 Nf6 2. c4 g6 3. Nc3 Bg7 4. e4 d6 5. Be2 O-O 6. f4 c5 7. Nf3 cxd4 8.
Nxd4 Nbd7 9. O-O Nc5 10. Bf3 Ne6 11. Be3 a6 12. Qd2 Qc7 13. Rac1 Qd8 14.
Rfd1 Rb8 15. Nxe6 Bxe6 16. Nd5 Nxd5 17. cxd5 Bd7 18. b3 Rc8 19. g4 Rxc1 20.
Rxc1 Qb8 21. Bb6 Rc8 22. Kf2 Rxc1 23. Qxc1 Qc8 24. Qxc8+ Bxc8 25. Ke3 Bb2
26. Kd3 Kf8 27. a4 Ke8 28. h4 Bc1 29. f5 Bb2 {Game drawn by mutual
agreement} 1/2-1/2